 Dungeon Crawl Stone Soup version 0.32-a0-732-ga344392067 (webtiles) character file.

Game seed: 13279292102042416572

454 gimp the Shooter (level 7, -1/50 HPs)
             Began as a Coglin Hunter on Mar 16, 2024.
             Slain by an iguana (11 damage)
             ... on level 4 of the Dungeon.
             The game lasted 00:04:04 (2932 turns).

gimp the Shooter (Coglin Hunter)                    Turns: 2932, Time: 00:04:04

Health: -1/50      AC:  4    Str: 11    XL:     7   Next: 5%
Magic:  7/7        EV: 11    Int:  8    God:
Gold:   311        SH:  0    Dex: 20    Spells: 6/6 levels left

rFire   . . .        a - +2 sling {Gerda}
rCold   . . .        d - +0 sling {Edeltraud}
rNeg    . . .        c - +0 leather armour
rPois   .            (no helmet)
rElec   .            h - +0 cloak
rCorr   .            (no gloves)
SInv    .            (no boots)
Will    .....        (amulet unavailable)
Stlth   ++           (ring unavailable)
HPRegen 0.28/turn    (ring unavailable)
MPRegen 0.10/turn    (no gizmo)

%: no passive effects
@: lethally poisoned (-1 -> -1), revved
A: off-hand wielding, slow wielding, warmup strikes, no jewellery
a: Invent Gizmo


You were on level 4 of the Dungeon.
You visited 1 branch of the dungeon, and saw 4 of its levels.
You also visited: Sewer.

You collected 311 gold pieces.

Inventory:

Hand Weapons
 a - a +2 sling (weapon) {Gerda}
 d - a +0 sling (offhand) {Edeltraud}
Armour
 c - a +0 leather armour (worn)
 h - a +0 cloak (worn)
Wands
 r - a wand of mindburst (5)
Scrolls
 b - a scroll of butterflies
 f - a scroll of blinking {unknown}
 g - a scroll of immolation {unknown}
 i - 2 scrolls of identify {unknown}
 n - a scroll of enchant armour {unknown}
 o - a scroll of summoning {unknown}
 q - a scroll of fear {unknown}
Potions
 e - 2 potions of heal wounds {unknown}
 j - a potion of enlightenment {unknown}
 k - 2 potions of lignification
 l - 2 potions of haste {unknown}
 m - a potion of resistance {unknown}
 p - a potion of invisibility {unknown}


   Skills:
 - Level 2.0 Fighting
 * Level 7.5 Ranged Weapons
 - Level 1.7 Dodging
 - Level 0.7 Stealth


You had 6 spell levels left.
You didn't know any spells.
Your spell library contained the following spells:

 Spells                   Type           Power      Damage    Failure   Level
 Apportation              Tloc           0%         N/A       50%         1
 Magic Dart               Conj           0%         1d3       50%         1
 Necrotise                Necr           0%         1d4       50%         1
 Sting                    Conj/Alch      0%         1d3       50%         1
 Summon Small Mammal      Summ           0%         N/A       50%         1
 Searing Ray              Conj           0%         2d4       65%         2
 Hailstorm                Conj/Ice       0%         3d5       86%         3
 Summon Ice Beast         Ice/Summ       0%         N/A       86%         3
 Fulminant Prism          Conj/Alch      0%         3d5       99%         4
 Vhi's Electric Charge    Tloc/Air       0%         N/A       99%         4
 Arcjolt                  Conj/Air       0%         1d10      100%        5
 Permafrost Eruption      Ice/Erth       0%         2x4d2     100%        6
 Plasma Beam              Fire/Air       0%         2x1d10    100%        6
 Sculpt Simulacrum        Ice/Alch       0%         N/A       100%        6


Dungeon Overview and Level Annotations

Branches:
Dungeon (4/15)              Sewer (visited)
 Temple: D:4-7

Altars:
Zin
Beogh


Innate Abilities, Weirdness & Mutations

You can wield a second weapon in your off-hand.
It takes a long time for you to wield or remove held weapons.
Your first few attacks do less damage.
You cannot equip rings or amulets.


Message History

Found a stone staircase leading down.
A hobgoblin is nearby!
You shoot a sling bullet. The sling bullet hits the hobgoblin.
The hobgoblin shouts!
The hobgoblin is heavily wounded.
You shoot a sling bullet.
The sling bullet closely misses the hobgoblin.
An iguana comes into view.
A scorpion comes into view.
You shoot a sling bullet. The iguana hisses angrily.
The sling bullet hits the hobgoblin.
You kill the hobgoblin!
You shoot a sling bullet.
No target in view!
You shoot a sling bullet.
The sling bullet closely misses the scorpion.
You shoot a sling bullet.
The sling bullet hits the scorpion but does no damage.
You shoot a sling bullet.
The sling bullet closely misses the scorpion.
You shoot a sling bullet.
The sling bullet hits the scorpion but does no damage.
You shoot a sling bullet. The sling bullet hits the scorpion.
The scorpion is moderately wounded.
You shoot a sling bullet.
The sling bullet hits the scorpion but does no damage.
The scorpion is moderately wounded.
You shoot a sling bullet. The sling bullet hits the scorpion.
The scorpion is heavily wounded.
You shoot a sling bullet.
The sling bullet closely misses the scorpion.
The sling bullet hits the iguana but does no damage.
The scorpion stings you.
You are poisoned.
The scorpion poisons you!
You take 4 damage, and have 40/44 hp.
You shoot a sling bullet.
The sling bullet hits the scorpion but does no damage.
The scorpion is heavily wounded.
You shoot a sling bullet.
The sling bullet hits the scorpion but does no damage.
The scorpion is heavily wounded.
You feel very sick.
The scorpion stings you but does no damage.
You take 4 damage, and have 36/44 hp.
You shoot a sling bullet. The sling bullet hits the scorpion.
The scorpion is severely wounded.
You shoot a sling bullet. The sling bullet hits the scorpion.
The scorpion is almost dead.
You feel very sick. The scorpion stings you.
You take 9 damage, and have 27/44 hp.
MASSIVE DAMAGE!!
You shoot a sling bullet. The sling bullet hits the scorpion!
You kill the scorpion!
You shoot a sling bullet.
The sling bullet hits the iguana but does no damage.
You feel sick.
You have reached level 7!
Your brain swirls with designs for a N-40 geosamoflange.
You just need some more time...
You regained 2 hp, and now have 29/50 hp.
MP restored: 7 You shoot a sling bullet.
The sling bullet closely misses the iguana.
You shoot a sling bullet. The sling bullet hits the iguana.
The iguana is lightly wounded.
You feel sick. The iguana bites you.
You take 4 damage, and have 25/50 hp.
You are too injured to fight recklessly!
You are too injured to fight recklessly!
You are too injured to fight recklessly!
You shoot a sling bullet.
The sling bullet hits the iguana but does no damage.
The iguana is lightly wounded.
You shoot a sling bullet.
The sling bullet hits the iguana but does no damage.
The iguana is lightly wounded.
You feel sick. The iguana bites you!
You take 9 damage, and have 16/50 hp.
You shoot a sling bullet. The sling bullet hits the iguana!
The iguana is heavily wounded.
You shoot a sling bullet.
The sling bullet closely misses the iguana.
You feel sick. The iguana barely misses you.
You take 1 damage, and have 15/50 hp.
You shoot a sling bullet.
The sling bullet hits the iguana but does no damage.
The iguana is heavily wounded.
You shoot a sling bullet.
The sling bullet hits the iguana but does no damage.
The iguana is heavily wounded.
You feel sick. The iguana bites you.
* * * LOW HITPOINT WARNING * * *
You take 4 damage, and have 11/50 hp.
You shoot a sling bullet.
The sling bullet hits the iguana but does no damage.
The iguana is heavily wounded.
You shoot a sling bullet.
The sling bullet barely misses the iguana.
You feel sick. The iguana barely misses you. The iguana bites you!
You die...

#####.##..###..######
...†........#........
...†........#........ .
..##..##...##........ l.
..##..##...##........ ..>
..##..##....'[....... /...
(..#.......##).###.. .....
...#.......##..########....†.
...#.......#....@l......ß....
...#.......#.................
####+###...###.###..##..##..#
#.##..##...#######..# ..# #
................#...# ...#
................#...' ...#
###..###..############..##
###..####)# ..# ..'.....).#


You could see an iguana.

Vanquished Creatures
  Pargi (Sewer)
  A scorpion (D:4)
  2 orc priests
  A sleepcap (D:4)
  An orc wizard (D:3)
  7 gnolls
  2 adders (D:2)
  A ribbon worm (D:2)
  2 dart slugs (D:1)
  9 orcs
  4 endoplasms
  3 giant cockroaches
  7 goblins
  6 hobgoblins
  7 jackals
  10 quokkas
  7 ball pythons
  4 bats
  3 frilled lizards
  8 kobolds
  3 rats
89 creatures vanquished.

Notes
Turn   | Place    | Note
-------+----------+-------------------------------------------
     0 | D:1      | gimp the Coglin Hunter began the quest for the Orb.
     0 | D:1      | Reached XP level 1. HP: 16/16 MP: 1/1
    42 | D:1      | Found a faded altar of an unknown god.
   120 | D:1      | Reached skill level 4 in Ranged Weapons
   120 | D:1      | Reached XP level 2. HP: 22/22 MP: 2/2
  1006 | D:2      | Reached XP level 3. HP: 27/27 MP: 3/3
  1550 | D:3      | Found a roughly hewn altar of Beogh.
  1559 | D:3      | Reached skill level 5 in Ranged Weapons
  1559 | D:3      | Reached XP level 4. HP: 20/33 MP: 4/4
  1607 | D:3      | Found a glowing drain.
  1645 | Sewer    | Entered a sewer
  1706 | Sewer    | Noticed Pargi
  1718 | Sewer    | Killed Pargi
  1719 | Sewer    | Reached skill level 6 in Ranged Weapons
  1719 | Sewer    | Reached XP level 5. HP: 12/38 MP: 5/5
  1934 | D:3      | Found a glowing silver altar of Zin.
  2170 | D:3      | Reached XP level 6. HP: 44/44 MP: 6/6
  2659 | D:4      | Reached skill level 7 in Ranged Weapons
  2928 | D:4      | Reached XP level 7. HP: 29/50 MP: 7/7
  2932 | D:4      | Slain by an iguana

Illustrated notes

Levels and vault maps discovered:
D:1:      sevenhm_arrival_forest_fort_small_5, layout_loops_ring,
          hellmonk_ecumenical_altar_pennies_from_heaven, minivault_4
D:2:      minmay_chambers_of_twos, layout_basic, glass_columns_a
D:3:      layout_rooms, zin_treasury, serial_corexii_hall,
          corexii_hall_statues_x, corexii_hall_statues_s, gup_sewer_entry_pipe,
          chequers_serial_rivers_large_a, kennysheep_orc_chapel
D:4:      layout_gridville, st_stairs_1

Skill      XL: |  1  2  3  4  5  6 |
---------------+-------------------+-----
Ranged Weapons | 4 5 6 7 |  7.5
Fighting       | |  2.0
Dodging        | |  1.7
Stealth        | |  0.7

Action                     |  1- 3 |  4- 6 |  7- 9 || total
---------------------------+-------+-------+-------++-------
   Fire: Sling             |   136 |   292 |    10 ||   438
    Use: Potion            |       |     1 |       ||     1
 Armour: Leather armour    |     6 |    49 |     4 ||    59
         Skin              |       |     6 |       ||     6
  Dodge: Dodged            |     8 |    47 |     2 ||    57

Table legend: (Time is in decaauts)
 A = Elapsed time spent in this place.
 B = Non-inter-level travel time spent in this place.
 C = Inter-level travel time spent in this place.
 D = Time resting spent in this place.
 E = Time spent auto-exploring this place.
 F = Levels seen in this place.
 G = Mean time per level.
                   A        B        C        D        E       F      G
               +--------+--------+--------+--------+--------+-----+--------+
         Total |   3018 |   2932 |     86 |     85 |   2324 |   5 |  603.6 |
       Dungeon |   2782 |   2696 |     86 |     85 |   2153 |   4 |  695.5 |
         Sewer |    235 |    235 |      0 |      0 |    171 |   1 |  235.0 |
               +--------+--------+--------+--------+--------+-----+--------+

Top non-repeatable levels by time:
     D:2: 813 daAuts
     D:1: 773 daAuts
     D:3: 765 daAuts
     D:4: 430 daAuts
   Sewer: 235 daAuts
